 Dungeon Crawl Stone Soup version 0.27-a0-1347-gd8886f0a89 (webtiles) character file.

Game seed: 2462511895821094146

140 freelancePsychic the Skirmisher (level 5, -4/42 HPs)
             Began as a Demonspawn Gladiator on June 28, 2021.
             Killed from afar by a steam dragon (8 damage)
             ... with a ball of steam
             ... on level 7 of the Dungeon.
             The game lasted 00:04:22 (2167 turns).

freelancePsychic the Skirmisher (DsGl)              Turns: 2167, Time: 00:04:22

Health: -4/42      AC: 10    Str: 16    XL:     5   Next: 2%
Magic:  5/5        EV:  7    Int:  9    God:
Gold:   58         SH:  0    Dex: 14    Spells: 4/4 levels left

rFire    . . .     SeeInvis .   a - +0 rapier
rCold    + . .     Faith    .   (no shield)
rNeg     . . .     Spirit   .   i - +2 chain mail {rC+}
rPois    .         Reflect  .   (helmet restricted)
rElec    .         Harm     .   (no cloak)
rCorr    .         Rampage  .   (no gloves)
Will     .....                  (no boots)
Stlth    ..........             (no amulet)
HPRegen  0.14/turn              (no ring)
MPRegen  0.09/turn              (no ring)

@: no status effects
A: antennae 1, spiny 1
a: no special abilities


You were on level 7 of the Dungeon.
You visited 1 branch of the dungeon, and saw 6 of its levels.

You collected 58 gold pieces.

Inventory:

Hand Weapons
 a - a +0 rapier (weapon)
 b - a +0 hunting sling
Missiles
 d - a throwing net (quivered)
 e - 72 stones
Armour
 c - a +0 helmet
 h - a +0 leather armour
 i - a +2 chain mail of cold resistance (worn)
Jewellery
 k - a +6 ring of strength
Scrolls
 f - 2 scrolls of identify {@r1}
 g - a scroll of amnesia
 j - a scroll of noise


   Skills:
 + Level 4.0 Fighting
 - Level 3.2 Short Blades
 - Level 3.0 Throwing
 - Level 2.6 Dodging


You had 4 spell levels left.
You didn't know any spells.
Your spell library was empty.

Dungeon Overview and Level Annotations

Branches:
Dungeon (8/15)
 Temple: D:4-7         Lair: D:8-11

Altars:


Innate Abilities, Weirdness & Mutations

You have a pair of small antennae on your head.
You are partially covered in sharp spines.


Message History

Found a metal-bound book, a scroll labelled JUAKLA SUETT and a spear.
You see here 14 gold pieces.
The steam dragon breathes steam at you. The ball of steam misses you.
You are engulfed in a cloud of scalding steam.
You aren't carrying any potions.
Okay, then.
a - a +0 rapier (weapon)
Throw: 3 throwing nets
Press: ? - help, Q - select action, (/) - cycle Shift-Dir - straight line, f - steam dragon
Aim: a steam dragon (62% to hit)
You throw a throwing net.
The throwing net closely misses the steam dragon.
The howler monkey zombie is struck by your spines.
The howler monkey zombie hits you but does no damage.
Throw: 2 throwing nets
Press: ? - help, Q - select action, (/) - cycle Shift-Dir - straight line, f/p - steam dragon
Aim: a steam dragon (62% to hit)
You throw a throwing net. The throwing net hits the steam dragon.
The steam dragon is caught in the net!
The howler monkey zombie barely misses you.
The steam dragon struggles against the net.
You hit the steam dragon but do no damage.
The howler monkey zombie barely misses you.
The steam dragon struggles against the net.
You hit the steam dragon.
The steam dragon is lightly wounded.
The steam dragon breathes steam at you. The ball of steam hits you!
* * * LOW HITPOINT WARNING * * *
The steam dragon struggles against the net.
You hit the steam dragon but do no damage.
The steam dragon is lightly wounded.
You are engulfed in a cloud of scalding steam.
* * * LOW HITPOINT WARNING * * *
The wight hits you with a +7 dagger.
* * * LOW HITPOINT WARNING * * *
The steam dragon breathes steam at you. The ball of steam hits you!
You die...

:....§..# ...
........###.#
.......§#.(.
.......§#.#######
........zZ.Z.zzz########
########z######..z.z....
#......zD# ##########
#......§.# #.....§@##
#...§...# #..§.§..#
#########


You could see a steam dragon (caught, catching breath), 3 wights and a howler
monkey zombie.

Vanquished Creatures
  A bullfrog (D:7)
  A gnoll (D:1)
  3 adders (D:2)
  4 endoplasms (D:1)
  3 giant cockroaches (D:1)
  2 goblins
  3 hobgoblins (D:1)
  11 jackals
  2 quokkas
  A ball python (D:1)
  A bat (D:1)
  A frilled lizard (D:1)
  4 kobolds (D:1)
  2 rats (D:1)
39 creatures vanquished.

Notes
Turn   | Place    | Note
-------+----------+-------------------------------------------
     0 | D:1      | freelancePsychic the Demonspawn Gladiator began the quest
                  | for the Orb.
     0 | D:1      | Reached XP level 1. HP: 16/16 MP: 1/1
   186 | D:1      | Gained mutation: You are partially covered in sharp spines.
                  | [demonic ancestry]
   186 | D:1      | Reached XP level 2. HP: 15/22 MP: 2/2
   593 | D:1      | Gained mutation: You have a pair of small antennae on your
                  | head. [demonic ancestry]
   593 | D:1      | Reached XP level 3. HP: 27/27 MP: 3/3
  1665 | D:2      | Reached XP level 4. HP: 34/34 MP: 4/4
  2047 | D:3      | You fall into a shaft and drop 2 floors!
  2047 | D:5      | Entered Level 5 of the Dungeon
  2062 | D:5      | Reached skill level 3 in Fighting
  2071 | D:5      | You fall into a shaft and drop 3 floors!
  2088 | D:8      | Noticed a yak
  2088 | D:8      | Noticed a yak
  2088 | D:8      | Noticed a yak
  2089 | D:8      | Noticed a yak
  2090 | D:8      | Noticed a yak
  2090 | D:8      | Identified the +3 hand axe "Axzysy" {protect, Will+ Int+3}
  2103 | D:8      | Noticed an ice beast
  2124 | D:7      | Noticed a bullfrog
  2141 | D:7      | Killed a bullfrog
  2142 | D:7      | Reached skill level 4 in Fighting
  2142 | D:7      | Reached XP level 5. HP: 21/42 MP: 5/5
  2153 | D:7      | Noticed a steam dragon
  2167 | D:7      | Killed from afar by a steam dragon

Illustrated notes

Levels and vault maps discovered:
D:1:      dpeg_arrival_rooms_a, layout_loops_corners,
          chequers_serial_rivers_small_a
D:2:      layout_basic
D:3:      minmay_razor_zed, layout_basic, kennysheep_nub, serial_bayou_ford_a
D:5:      layout_cave_pools, overflow_temple_1_default,
          lemuel_mausoleum_altar_kikubaaqudgha, feat_on_display, uniq_pikel
D:7:      layout_rooms, minmay_temple_entry_gardened_gates, abandoned_shop
D:8:      layout_rooms, lair_entry_dummy, enter_ossuary_5, eino_jars

Skill      XL: |  1  2  3  4 |
---------------+-------------+-----
Throwing       | 2 3 |  3.0
Short Blades   | 3 |  3.2
Fighting       | 4 |  4.0
Dodging        | |  2.6

Action                   |  1- 3 |  4- 6 || total
-------------------------+-------+-------++-------
Melee: Rapier            |    57 |     3 ||    60
       Hunting sling     |       |     2 ||     2
 Fire: Hunting sling     |    23 |     2 ||    25
Throw: Stone             |    22 |       ||    22
       Throwing net      |       |     2 ||     2
  Use: Scroll            |       |     4 ||     4
       Potion            |       |     1 ||     1
Armor: Leather armour    |    13 |       ||    13
       Chain mail        |     7 |    27 ||    34
Dodge: Dodged            |    32 |    16 ||    48

Table legend: (Time is in decaauts)
 A = Elapsed time spent in this place.
 B = Non-inter-level travel time spent in this place.
 C = Inter-level travel time spent in this place.
 D = Time resting spent in this place.
 E = Time spent auto-exploring this place.
 F = Levels seen in this place.
 G = Mean time per level.
                   A        B        C        D        E       F      G
               +--------+--------+--------+--------+--------+-----+--------+
         Total |   2173 |   2090 |     83 |      0 |   1738 |   6 |  362.2 |
       Dungeon |   2173 |   2090 |     83 |      0 |   1738 |   6 |  362.2 |
               +--------+--------+--------+--------+--------+-----+--------+

Top non-repeatable levels by time:
     D:1: 1307 daAuts
     D:2: 711 daAuts
     D:8: 49 daAuts
     D:7: 45 daAuts
     D:3: 34 daAuts
     D:5: 24 daAuts
